 Dungeon Crawl Stone Soup version 0.30-a0-949-g53dc5368d7 (webtiles) character file.

Game seed: 9466178746879477813

3500 mopl the Frost Mage (level 10, -9/74 HPs)
             Began as a Gnoll Ice Elementalist on Mar 27, 2023.
             Was a Follower of Vehumet.
             Mangled by Joseph
             ... wielding a +0 quarterstaff
              (12 damage)
             ... on level 7 of the Dungeon.
             The game lasted 00:08:34 (6240 turns).

mopl the Frost Mage (Gnoll Ice Elementalist)        Turns: 6240, Time: 00:08:35

Health: -9/74      AC: 11    Str:  8    XL:     10   Next: 7%
Magic:  14/20      EV: 14    Int: 18    God:    Vehumet [*.....]
Gold:   104        SH:  0    Dex: 13    Spells: 22/23 levels left

rFire   . . .      SeeInvis .    p - +1 whip (elec)
rCold   + + +      Faith    .    (no shield)
rNeg    + . .      Spirit   .    s - +3 leather armour
rPois   .          Reflect  .    x - +0 helmet
rElec   .          Rampage  .    m - +1 cloak of the Cockroach {rC++}
rCorr   .                        r - +0 pair of gloves
Will    .....                    (no boots)
Stlth   +++                      (no amulet)
HPRegen 0.32/turn                w - ring of positive energy
MPRegen 0.17/turn                z - ring of protection from cold

@: no status effects
A: fangs 1, strong nose, distributed training
a: Renounce Religion


You were on level 7 of the Dungeon.
You worshipped Vehumet.
Vehumet was aware of your devotion.
You visited 2 branches of the dungeon, and saw 8 of its levels.

You collected 307 gold pieces.
You spent 203 gold pieces at shops.

Inventory:

Hand Weapons
 c - a +0 dagger of venom
 g - a +0 quarterstaff
 p - a +1 whip of electrocution (weapon)
 H - a +6 flail of protection
 L - the +0 war axe "Jogital" {drain, rElec rPois Str-3}
   (You found it on level 7 of the Dungeon)

   Str:       It affects your strength (-3).
   rElec:     It insulates you from electricity.
   rPois:     It protects you from poison.
Missiles
 a - 4 poisoned darts
 o - 6 curare-tipped darts
 y - 4 boomerangs
Armour
 m - the +1 cloak of the Cockroach (worn) {rC++}
   (You found it on level 2 of the Dungeon)

   rC:        It greatly protects you from cold.
 r - a +0 pair of gloves (worn)
 s - a +3 leather armour (worn)
 t - a +0 chain mail of fire resistance
 x - a +0 helmet (worn)
 C - a +2 leather armour of fire resistance
Jewellery
 n - an amulet of guardian spirit
 w - a ring of positive energy (left hand)
 z - a ring of protection from cold (right hand)
Wands
 q - a wand of iceblast (14)
 G - a wand of digging (5)
Scrolls
 e - 10 scrolls of identify
 f - 2 scrolls of fog {unknown}
 h - 2 scrolls of amnesia {unknown}
 i - 3 scrolls of blinking
 j - a scroll of torment {unknown}
 k - 4 scrolls of poison {unknown}
 l - 4 scrolls of teleportation {unknown}
 u - 2 scrolls of vulnerability {unknown}
 D - a scroll of enchant armour {unknown}
 E - a scroll of magic mapping {unknown}
 J - a scroll of fear {unknown}
Potions
 b - 2 potions of magic
 d - a potion of invisibility {unknown}
 v - 2 potions of flight {unknown}
 A - 2 potions of degeneration {unknown}
 B - a potion of cancellation {unknown}
 F - a potion of curing {unknown}
 I - 2 potions of might {unknown}
 K - a potion of lignification {unknown}


   Skills:
 + Level 5.1 Fighting
 + Level 5.1 Short Blades
 + Level 5.1 Long Blades
 + Level 5.1 Axes
 + Level 5.1 Maces & Flails
 + Level 5.1 Polearms
 + Level 5.1 Staves
 + Level 5.1 Ranged Weapons
 + Level 5.1 Throwing
 + Level 5.1 Armour
 + Level 6.9 Dodging
 + Level 6.6 Stealth
 + Level 5.1 Shields
 + Level 5.1 Unarmed Combat
 + Level 7.2 Spellcasting
 + Level 4.2 Conjurations
 + Level 4.2 Hexes
 + Level 4.2 Summonings
 + Level 4.2 Necromancy
 + Level 4.2 Translocations
 + Level 4.2 Transmutations
 + Level 4.2 Fire Magic
 + Level 8.3 Ice Magic
 + Level 4.2 Air Magic
 + Level 4.2 Earth Magic
 + Level 4.2 Poison Magic
 + Level 5.6 Invocations
 + Level 5.1 Evocations


You had 22 spell levels left.
You knew the following spells:

 Your Spells              Type           Power      Damage    Failure   Level
a - Freeze                Ice            100%       1d10      1%          1

Your spell library contained the following spells:

 Spells                   Type           Power      Damage    Failure   Level
 Foxfire                  Conj/Fire      84%        2x1d8     2%          1
 Frozen Ramparts          Ice            72%        1d11      1%          3
 Ozocubu's Armour         Ice            36%        N/A       1%          3
 Beastly Appendage        Tmut           42%        N/A       2%          1
 Kiss of Death            Conj/Necr      84%        2d11      2%          1
 Magic Dart               Conj           84%        1d7       2%          1
 Slow                     Hex            84%        N/A       2%          1
 Lesser Beckoning         Tloc           42%        N/A       3%          2
 Searing Ray              Conj           42%        2d6       3%          2
 Wereblood                Tmut           21%        N/A       3%          2
 Confusing Touch          Hex            21%        N/A       8%          3
 Gell's Gravitas          Tloc           21%        N/A       8%          3
 Portal Projectile        Hex/Tloc       42%        N/A       8%          3
 Spider Form              Tmut/Pois      21%        N/A       8%          3
 Teleport Other           Tloc           21%        N/A       8%          3
 Tukima's Dance           Hex            21%        N/A       8%          3
 Vampiric Draining        Necr           21%        2d7       8%          3
 Ice Form                 Ice/Tmut       29%        N/A       11%         4
 Summon Ice Beast         Ice/Summ       29%        N/A       11%         4
 Dispel Undead            Necr           21%        3d11      26%         4
 Fulminant Prism          Conj/Hex       10%        3d8       26%         4
 Blade Hands              Tmut           10%        N/A       56%         5


Dungeon Overview and Level Annotations

Branches:
Dungeon (7/15)             Temple (1/1) D:5

Altars:
Cheibriados
Elyvilon
Fedhas
Gozag
Makhleb
Okawaru
Qazlal
Ru
Uskayaw
Vehumet
Wu Jian
Xom
Yredelemnul
The Shining One

Shops:
D:5 ?

Annotations:
D:7 3 runed translucent doors, Joseph; snipermoke's ghost, novice DgFi


Innate Abilities, Weirdness & Mutations

You have very sharp teeth.
Your uncanny sense of smell can sniff out nearby items.
Your experience applies equally to all skills.


Message History

Joseph shoots a sling bullet.
The sling bullet hits you.
* * * LOW HITPOINT WARNING * * *
Aiming: Iceblast
Press: ? - help, Shift-Dir - straight line, f/p - Joseph
Aim: Joseph, wielding a +2 sling of freezing and wearing a +0 leather armour (heavily wounded)
The mass of ice explodes!
The iceblast engulfs Joseph!
Joseph is severely wounded.
Joseph shoots a sling bullet.
The sling bullet misses you.
Snipermoke's ghost turns its malevolent gaze towards you.
Joseph unwields a +2 sling of freezing.
Joseph wields a +0 quarterstaff.
Joseph hits you with a +0 quarterstaff.
* * * LOW HITPOINT WARNING * * *
Items here: )) [ †.
Casting: Freeze (safe; 1% risk of failure)
Confirm with . or Enter, or press ? or * to list all spells.
Aiming: Freeze (safe; 1% risk of failure)
Press: ? - help, Shift-Dir - straight line, f/p - Joseph
Aim: Joseph, wielding a +0 quarterstaff and wearing a +0 leather armour (severely wounded)
You freeze Joseph!
Joseph is almost dead.
Joseph hits you with a +0 quarterstaff!
* * * LOW HITPOINT WARNING * * *
Casting: Freeze (safe; 1% risk of failure)
Confirm with . or Enter, or press ? or * to list all spells.
Aiming: Freeze (safe; 1% risk of failure)
Press: ? - help, Shift-Dir - straight line, f/p - Joseph
Aim: Joseph, wielding a +0 quarterstaff and wearing a +0 leather armour (almost dead)
You freeze Joseph.
Joseph is almost dead.
Joseph hits you with a +0 quarterstaff.
* * * LOW HITPOINT WARNING * * *
Casting: Freeze (safe; 1% risk of failure)
Confirm with . or Enter, or press ? or * to list all spells.
Aiming: Freeze (safe; 1% risk of failure)
Press: ? - help, Shift-Dir - straight line, f/p - Joseph
Aim: Joseph, wielding a +0 quarterstaff and wearing a +0 leather armour (almost dead)
You freeze Joseph!
Joseph is almost dead.
Joseph hits you with a +0 quarterstaff!
You die...

#.....#..##......####+#.......
#..[..#..##'###..#........†...
#.....#..##..# .#............
#.....#..##..#####............
#.....#####......#............
#.....#..##..##..#............
#.....#..##..##..#.....#+#####
#.....'......##..#.....#
#.....#.....@@...'.....#
#.....#......##..#.....+
#.....##.....##(.#.....#
#.....###+++###..#.....#
#...@.#...ZZW.#..#.....#
#.....##...ZZ##..#.....+
#.....#.......#..#.....#
#.).).##.[?/.##..#...... ∆
#.!†..#


You could see Joseph, snipermoke's ghost, an unseen horror zombie, a centaur
skeleton and 2 unseen horror skeletons.

Vanquished Creatures
  Pikel (D:4)
  A troll (D:5)
  Prince Ribbit (D:7)
  Sigmund (D:5)
  A yak (D:5)
  Edmund (D:6)
  2 water moccasins
  A sky beast (D:7)
  2 black bears
  3 ice beasts
  An ogre (D:4)
  A centaur (D:6)
  A lemure (D:4)
  A bullfrog (D:6)
  4 scorpions
  4 necrophages (D:5)
  A howler monkey (D:5)
  3 hounds
  2 jellies
  A gnoll bouda (D:5)
  Ijyb (D:4)
  2 sleepcaps (D:4)
  2 iguanas (D:5)
  2 orc wizards
  2 scorpion zombies (D:5)
  A howler monkey zombie (D:5)
  8 gnolls
  10 adders
  A shadow imp (D:6)
  3 white imps
  2 worms
  2 dart slugs
  19 orcs
  2 bats
  8 endoplasms
  8 hobgoblins
  8 jackals
  14 kobolds
  A quokka (D:1)
  9 ball pythons
  3 frilled lizards
  5 goblins
  7 rats
153 creatures vanquished.

Vanquished Creatures (others)
  An orc wizard (D:5)
  2 bushes (D:5)
  17 plants
20 creatures vanquished.

Grand Total: 173 creatures vanquished

Notes
Turn   | Place    | Note
-------+----------+-------------------------------------------
     0 | D:1      | mopl the Gnoll Ice Elementalist began the quest for the
                  | Orb.
     0 | D:1      | Reached XP level 1. HP: 13/13 MP: 6/6
   165 | D:1      | Reached XP level 2. HP: 12/19 MP: 4/7
   319 | D:1      | Reached skill level 5 in Spellcasting
   319 | D:1      | Reached XP level 3. HP: 25/25 MP: 6/9
   440 | D:1      | Reached skill level 1 in Invocations
   961 | D:2      | Reached skill level 1 in Fighting
   961 | D:2      | Reached skill level 1 in Short Blades
   961 | D:2      | Reached skill level 1 in Long Blades
   961 | D:2      | Reached skill level 1 in Axes
   961 | D:2      | Reached skill level 1 in Maces & Flails
   961 | D:2      | Reached skill level 1 in Polearms
   961 | D:2      | Reached skill level 1 in Staves
   961 | D:2      | Reached skill level 1 in Ranged Weapons
   961 | D:2      | Reached skill level 1 in Throwing
   961 | D:2      | Reached skill level 1 in Armour
   961 | D:2      | Reached skill level 1 in Shields
   961 | D:2      | Reached skill level 1 in Unarmed Combat
   961 | D:2      | Reached skill level 1 in Evocations
   976 | D:2      | Identified the +1 cloak of the Cockroach {rC++}
  1218 | D:2      | HP: 1/26 [gnoll/+0 spear (6)]
  1222 | D:1      | Reached XP level 4. HP: 2/32 MP: 8/11
  1350 | D:1      | Reached skill level 1 in Conjurations
  1350 | D:1      | Reached skill level 1 in Hexes
  1350 | D:1      | Reached skill level 1 in Summonings
  1350 | D:1      | Reached skill level 1 in Necromancy
  1350 | D:1      | Reached skill level 1 in Translocations
  1350 | D:1      | Reached skill level 1 in Transmutations
  1350 | D:1      | Reached skill level 1 in Fire Magic
  1350 | D:1      | Reached skill level 1 in Air Magic
  1350 | D:1      | Reached skill level 1 in Earth Magic
  1350 | D:1      | Reached skill level 1 in Poison Magic
  1890 | D:3      | Reached XP level 5. HP: 27/37 MP: 3/12
  2614 | D:4      | Noticed an ogre
  2620 | D:4      | Killed an ogre
  2621 | D:4      | Reached skill level 2 in Fighting
  2621 | D:4      | Reached skill level 2 in Short Blades
  2621 | D:4      | Reached skill level 2 in Long Blades
  2621 | D:4      | Reached skill level 2 in Axes
  2621 | D:4      | Reached skill level 2 in Maces & Flails
  2621 | D:4      | Reached skill level 2 in Polearms
  2621 | D:4      | Reached skill level 2 in Staves
  2621 | D:4      | Reached skill level 2 in Ranged Weapons
  2621 | D:4      | Reached skill level 2 in Throwing
  2621 | D:4      | Reached skill level 2 in Armour
  2621 | D:4      | Reached skill level 5 in Dodging
  2621 | D:4      | Reached skill level 2 in Shields
  2621 | D:4      | Reached skill level 2 in Unarmed Combat
  2621 | D:4      | Reached skill level 2 in Invocations
  2621 | D:4      | Reached skill level 2 in Evocations
  2621 | D:4      | Reached XP level 6. HP: 44/44 MP: 9/14
  2639 | D:4      | Noticed Ijyb
  2657 | D:4      | Killed Ijyb
  2746 | D:4      | Noticed Pikel
  2774 | D:4      | Killed Pikel
  2775 | D:4      | Reached skill level 5 in Stealth
  2775 | D:4      | Reached skill level 2 in Conjurations
  2775 | D:4      | Reached skill level 2 in Hexes
  2775 | D:4      | Reached skill level 2 in Summonings
  2775 | D:4      | Reached skill level 2 in Necromancy
  2775 | D:4      | Reached skill level 2 in Translocations
  2775 | D:4      | Reached skill level 2 in Transmutations
  2775 | D:4      | Reached skill level 2 in Fire Magic
  2775 | D:4      | Reached skill level 2 in Air Magic
  2775 | D:4      | Reached skill level 2 in Earth Magic
  2775 | D:4      | Reached skill level 2 in Poison Magic
  2775 | D:4      | Reached skill level 3 in Invocations
  2775 | D:4      | Reached XP level 7. HP: 30/51 MP: 15/15
  2983 | D:4      | Reached skill level 3 in Fighting
  2983 | D:4      | Reached skill level 3 in Short Blades
  2983 | D:4      | Reached skill level 3 in Long Blades
  2983 | D:4      | Reached skill level 3 in Axes
  2983 | D:4      | Reached skill level 3 in Maces & Flails
  2983 | D:4      | Reached skill level 3 in Polearms
  2983 | D:4      | Reached skill level 3 in Staves
  2983 | D:4      | Reached skill level 3 in Ranged Weapons
  2983 | D:4      | Reached skill level 3 in Throwing
  2983 | D:4      | Reached skill level 3 in Armour
  2983 | D:4      | Reached skill level 3 in Shields
  2983 | D:4      | Reached skill level 3 in Unarmed Combat
  2983 | D:4      | Reached skill level 3 in Evocations
  2983 | D:4      | Reached XP level 8. HP: 58/58 MP: 13/16
  3309 | D:5      | Entered Level 5 of the Dungeon
  3431 | D:5      | Noticed a yak
  3458 | D:5      | Noticed a troll
  3461 | D:5      | Reached skill level 6 in Spellcasting
  3507 | D:5      | Killed a yak
  3718 | D:5      | Killed a troll
  3719 | D:5      | Reached skill level 6 in Dodging
  3719 | D:5      | Reached skill level 3 in Conjurations
  3719 | D:5      | Reached skill level 3 in Hexes
  3719 | D:5      | Reached skill level 3 in Summonings
  3719 | D:5      | Reached skill level 3 in Necromancy
  3719 | D:5      | Reached skill level 3 in Translocations
  3719 | D:5      | Reached skill level 3 in Transmutations
  3719 | D:5      | Reached skill level 3 in Fire Magic
  3719 | D:5      | Reached skill level 3 in Air Magic
  3719 | D:5      | Reached skill level 3 in Earth Magic
  3719 | D:5      | Reached skill level 3 in Poison Magic
  3719 | D:5      | Reached skill level 4 in Invocations
  3953 | D:5      | Reached XP level 9. HP: 41/65 MP: 7/18
  4052 | D:5      | Identified the +4 leather armour "Livacymu" {Harm Drain
                  | rElec Str-4}
  4142 | D:5      | Found a staircase to the Ecumenical Temple.
  4157 | D:5      | Reached skill level 4 in Fighting
  4157 | D:5      | Reached skill level 4 in Short Blades
  4157 | D:5      | Reached skill level 4 in Long Blades
  4157 | D:5      | Reached skill level 4 in Axes
  4157 | D:5      | Reached skill level 4 in Maces & Flails
  4157 | D:5      | Reached skill level 4 in Polearms
  4157 | D:5      | Reached skill level 4 in Staves
  4157 | D:5      | Reached skill level 4 in Ranged Weapons
  4157 | D:5      | Reached skill level 4 in Throwing
  4157 | D:5      | Reached skill level 4 in Armour
  4157 | D:5      | Reached skill level 4 in Shields
  4157 | D:5      | Reached skill level 4 in Unarmed Combat
  4157 | D:5      | Reached skill level 4 in Evocations
  4200 | Temple   | Entered the Ecumenical Temple
  4313 | Temple   | Became a worshipper of Vehumet
  4339 | D:5      | Found Jantaon's Magic Scroll Boutique.
  4501 | D:5      | Bought a scroll of blinking for 82 gold pieces
  4501 | D:5      | Bought a scroll of noise for 11 gold pieces
  4501 | D:5      | Bought 3 scrolls of identify for 66 gold pieces
  4501 | D:5      | Bought a scroll of identify for 22 gold pieces
  4501 | D:5      | Bought a scroll of identify for 22 gold pieces
  4537 | D:5      | Found a blossoming altar of Fedhas.
  4557 | D:5      | Noticed Sigmund
  4572 | D:5      | Killed Sigmund
  4573 | D:5      | Reached skill level 6 in Stealth
  4573 | D:5      | Reached skill level 8 in Ice Magic
  5205 | D:6      | Noticed Edmund
  5206 | D:6      | Found a snail-covered altar of Cheibriados.
  5216 | D:6      | Killed Edmund
  5217 | D:6      | Reached skill level 5 in Invocations
  5385 | D:6      | Reached skill level 7 in Spellcasting
  5496 | D:6      | Reached skill level 4 in Conjurations
  5496 | D:6      | Reached skill level 4 in Hexes
  5496 | D:6      | Reached skill level 4 in Summonings
  5496 | D:6      | Reached skill level 4 in Necromancy
  5496 | D:6      | Reached skill level 4 in Translocations
  5496 | D:6      | Reached skill level 4 in Transmutations
  5496 | D:6      | Reached skill level 4 in Fire Magic
  5496 | D:6      | Reached skill level 4 in Air Magic
  5496 | D:6      | Reached skill level 4 in Earth Magic
  5496 | D:6      | Reached skill level 4 in Poison Magic
  5574 | D:6      | Reached * piety under Vehumet
  5574 | D:6      | Offered knowledge of Foxfire by Vehumet.
  5966 | D:7      | Noticed Prince Ribbit
  5980 | D:7      | Killed Prince Ribbit
  5981 | D:7      | Reached skill level 5 in Fighting
  5981 | D:7      | Reached skill level 5 in Short Blades
  5981 | D:7      | Reached skill level 5 in Long Blades
  5981 | D:7      | Reached skill level 5 in Axes
  5981 | D:7      | Reached skill level 5 in Maces & Flails
  5981 | D:7      | Reached skill level 5 in Polearms
  5981 | D:7      | Reached skill level 5 in Staves
  5981 | D:7      | Reached skill level 5 in Ranged Weapons
  5981 | D:7      | Reached skill level 5 in Throwing
  5981 | D:7      | Reached skill level 5 in Armour
  5981 | D:7      | Reached skill level 5 in Shields
  5981 | D:7      | Reached skill level 5 in Unarmed Combat
  5981 | D:7      | Reached skill level 5 in Evocations
  5981 | D:7      | Reached XP level 10. HP: 45/74 MP: 11/20
  6059 | D:7      | Found a runed translucent gate.
  6059 | D:7      | Found a runed translucent gate.
  6059 | D:7      | Found a runed translucent gate.
  6074 | D:7      | Identified the +0 war axe "Jogital" {drain, rElec rPois
                  | Str-3}
  6203 | D:7      | Noticed Joseph
  6237 | D:7      | Noticed snipermoke's ghost (novice DgFi)
  6239 | D:7      | HP: 3/74 [Joseph/+0 quarterstaff (6)]
  6240 | D:7      | Mangled by Joseph

Illustrated notes

Levels and vault maps discovered:
D:1:      dpeg_arrival_morbid_curiosity, layout_basic
D:2:      layout_rooms, dk_noncrumbling_3, serial_bayou_pond_c,
          minmay_misc_feat_iff, grunt_ministairs_15
D:3:      layout_basic
D:4:      layout_basic, uniq_pikel, uniq_ijyb
D:5:      cheibrodos_fzero, layout_basic, fedhas_altar_decomposition,
          minmay_temple_entry_trees, serial_shops, shop, uniq_sigmund
D:6:      layout_rooms, cheibriados_altar_1, serial_co_window_serial,
          co_window_corner_a, co_window_paths_a, co_window_of_opportunity_a,
          co_window_paths_b, co_window_cross_1, co_window_broadway_b,
          co_window_broadway_a, co_window_broadway_a, co_window_broadway_c,
          co_window_corner_b, co_window_of_opportunity_b, co_window_corner_cb,
          glass_columns_b, glass_columns_c, uniq_edmund
D:7:      layout_gridville, gammafunk_ghost_necromancy, enter_bailey_5,
          minmay_misc_feat_pillars, uniq_prince_ribbit1, uniq_joseph
Temple:   nicolae_temple_slightly_damp_pantheon

Skill      XL: |  1  2  3  4  5  6  7  8  9 |
---------------+----------------------------+-----
Spellcasting   | 5 6 7 |  7.2
Invocations    | 1 2 3 4 5 |  5.6
Fighting       | 1 2 3 5 |  5.1
Short Blades   | 1 2 3 5 |  5.1
Long Blades    | 1 2 3 5 |  5.1
Axes           | 1 2 3 5 |  5.1
Maces & Flails | 1 2 3 5 |  5.1
Polearms       | 1 2 3 5 |  5.1
Staves         | 1 2 3 5 |  5.1
Ranged Weapons | 1 2 3 5 |  5.1
Throwing       | 1 2 3 5 |  5.1
Armour         | 1 2 3 5 |  5.1
Shields        | 1 2 3 5 |  5.1
Unarmed Combat | 1 2 3 5 |  5.1
Evocations     | 1 2 3 5 |  5.1
Conjurations   | 1 2 3 4 |  4.2
Hexes          | 1 2 3 4 |  4.2
Summonings     | 1 2 3 4 |  4.2
Necromancy     | 1 2 3 4 |  4.2
Translocations | 1 2 3 4 |  4.2
Transmutations | 1 2 3 4 |  4.2
Fire Magic     | 1 2 3 4 |  4.2
Air Magic      | 1 2 3 4 |  4.2
Earth Magic    | 1 2 3 4 |  4.2
Poison Magic   | 1 2 3 4 |  4.2
Dodging        | 5 6 |  6.9
Stealth        | 5 6 |  6.6
Ice Magic      | 8 |  8.3

Action                     |  1- 3 |  4- 6 |  7- 9 | 10-12 || total
---------------------------+-------+-------+-------+-------++-------
  Melee: Unarmed           |     4 |       |       |       ||     4
         Dagger            |    59 |    68 |   155 |       ||   282
         Bite              |     3 |    10 |    44 |     1 ||    58
         Punch             |     1 |       |    11 |     1 ||    13
         Whip              |       |       |   142 |     7 ||   149
   Cast: Freeze            |    39 |    55 |    90 |    18 ||   202
  Evoke: Wand              |       |       |       |     4 ||     4
   Stab: Sleeping          |     7 |     7 |     4 |       ||    18
         Distracted        |       |       |     1 |       ||     1
 Armour: Robe              |    11 |     8 |       |       ||    19
         Leather armour    |       |    17 |   150 |    12 ||   179
  Dodge: Dodged            |    66 |    69 |   190 |    26 ||   351

Table legend: (Time is in decaauts)
 A = Elapsed time spent in this place.
 B = Non-inter-level travel time spent in this place.
 C = Inter-level travel time spent in this place.
 D = Time resting spent in this place.
 E = Time spent auto-exploring this place.
 F = Levels seen in this place.
 G = Mean time per level.
                   A        B        C        D        E       F      G
               +--------+--------+--------+--------+--------+-----+--------+
         Total |   6196 |   5871 |    325 |    834 |   3462 |   8 |  774.5 |
       Dungeon |   6063 |   5757 |    306 |    834 |   3374 |   7 |  866.1 |
        Temple |    132 |    113 |     19 |      0 |     88 |   1 |  132.0 |
               +--------+--------+--------+--------+--------+-----+--------+

Top non-repeatable levels by time:
     D:5: 1359 daAuts
     D:1: 1126 daAuts
     D:6: 1047 daAuts
     D:3: 851 daAuts
     D:4: 730 daAuts
     D:2: 601 daAuts
     D:7: 346 daAuts
  Temple: 132 daAuts
